cohdb
Replays
Latest Replays
All Replays
Popular Replays
Top Player Replays
Match Explorer
How It Works
Community
CoH3 Stats
Reddit
Sign in to upload your games and track your stats! →
Sign in with Steam
Match 37870942
Unlisted
Match 37870942
Overview
Messages
Build Orders
End
Construct Infanterie Kompanie
Pioneer Squad
Selects Mechanized Battlegroup
Grenadier Squad
MG 42 Machine Gun Team
Grenadier Squad
Construct Panzergrenadier Kompanie
251 Medium Carrier
Panzergrenadier Officer Quarters
251 Medium Carrier
Pak 40 Anti-tank Gun Team
Selects Mobile Repair Stations
Panzergrenadier Squad
Construct Panzer Kompanie
Selects Wespe Self-propelled Artillery
Wespe Self-propelled Artillery
Stoßtruppen Squad
Selects Raid Package
Panzer Officer Quarters
Pak 40 Anti-tank Gun Team
Selects 8 Rad Armored Car
Selects UNKNOWN (2160084)
Panther Heavy Tank
Ssezra
千万别点链接,账号被盗了
Voodoo408
화나?너못하자나
Windorca
Thomas Shelby
周末不日常
BlueJavaChip
0
0
Comments
sign in to comment!
No comments posted yet!